[ AOE2 MATCH · #504814793 ]
UnrankedByzantines vs Sicilians
Player's team · WIN
Rival team · LOSS
[ REPLAY ANALYSIS · EXTRACTED FROM THE RECORDED GAME ]
Feudal
8:51
Castle
23:12
Imperial
—
| APM avg | 47.5 |
| APM peak | 85 |
| eAPM avg | 27.9 |
| Villagers / military | 46 / 0 |
Focus
⚔️ 43.0% · 🌾 57.0%
Feudal
8:51
Castle
—
Imperial
—
| APM avg | 36.3 |
| APM peak | 84 |
| eAPM avg | 18.6 |
| Villagers / military | 28 / 12 |
Focus
⚔️ 35.3% · 🌾 64.7%
Serjeant ×12
Match map
Initial resources + every placement click. Lines = walls · curves = elevation contours. ◆ gold · ⬟ stone · ● berries · ✦ relic · ◌ wall gap
Your base· ✓ Closed at 23:12 · 2t walls · 4 gate(s)
PuffyCarrot's base· ✓ Closed at 12:00 · 0t walls · 2 gate(s)
Smoothed initial terrain · ◌ = detected wall gap · hover for details
Inputs per minute
— ELEG PropiaNea - - PuffyCarrot
Build order — ELEG PropiaNea
110 actions detected in the replay
| 0:00 | Queue | Villager (Male) |
| 0:00 | Queue | Villager (Male) |
| 0:02 | Build | House |
| 0:03 | Build | House |
| 0:27 | Queue | Villager (Male) |
| 0:27 | Queue | Villager (Male) |
| 1:17 | Queue | Villager (Male) |
| 1:41 | Queue | Villager (Male) |
| 1:55 | Build | Lumber Camp |
| 2:04 | Queue | Villager (Male) |
| 2:05 | Queue | Villager (Male) |
| 2:26 | Queue | Villager (Male) |
| 2:50 | Queue | Villager (Male) |
| 2:50 | Queue | Villager (Male) |
| 2:59 | Research | Loom |
| 3:44 | Queue | Villager (Male) |
| 4:03 | Queue | Villager (Male) |
| 4:19 | Build | House |
| 4:26 | Research | Loom |
| 4:38 | Queue | Villager (Male) |
| 4:54 | Queue | Villager (Male) |
| 5:06 | Queue | Villager (Male) |
| 6:11 | Queue | Villager (Male) |
| 6:16 | Build | Mill |
| 6:41 | Research | Feudal Age |
| 6:41 | Research | Feudal Age |
| 6:48 | Build | Mining Camp |
| 7:46 | Build | House |
| 7:50 | Build | House |
| 7:53 | Build | House |
| 7:57 | Build | House |
| 8:22 | Queue | Villager (Male) |
| 8:22 | Queue | Villager (Male) |
| 8:46 | Queue | Villager (Male) |
| 8:51 | Queue | Villager (Male) |
| 8:51 | Age | Feudal Age |
| 9:17 | Build | Watch Tower |
| 9:24 | Build | House |
| 9:24 | Queue | Villager (Male) |
| 9:25 | Research | Double-Bit Axe |
| 9:25 | Research | Double-Bit Axe |
| 9:44 | Queue | Villager (Male) |
| 10:13 | Research | Horse Collar |
| 10:20 | Build | Watch Tower |
| 10:30 | Queue | Villager (Male) |
| 10:34 | Build | Farm |
| 10:55 | Build | Watch Tower |
| 10:55 | Queue | Villager (Male) |
| 11:18 | Queue | Villager (Male) |
| 11:21 | Build | Farm |
| 11:34 | Queue | Villager (Male) |
| 11:40 | Build | House |
| 12:04 | Build | Farm |
| 12:12 | Build | Watch Tower |
| 12:29 | Queue | Villager (Male) |
| 12:37 | Build | Farm |
| 12:40 | Build | Farm |
| 12:46 | Build | Farm |
| 12:57 | Queue | Villager (Male) |
| 13:01 | Queue | Villager (Male) |
| 13:21 | Queue | Villager (Male) |
| 13:45 | Build | Blacksmith |
| 13:54 | Queue | Villager (Male) |
| 14:09 | Queue | Villager (Male) |
| 14:16 | Build | House |
| 14:25 | Queue | Villager (Male) |
| 14:54 | Queue | Villager (Male) |
| 15:02 | Build | Farm |
| 15:05 | Build | Farm |
| 15:10 | Build | Farm |
| 15:15 | Build | Farm |
| 15:21 | Build | Watch Tower |
| 15:23 | Research | Fletching |
| 15:24 | Queue | Villager (Male) |
| 15:31 | Build | House |
| 15:59 | Queue | Villager (Male) |
| 16:04 | Build | Farm |
| 16:07 | Build | Farm |
| 16:14 | Queue | Villager (Male) |
| 16:36 | Queue | Villager (Male) |
| 16:55 | Queue | Villager (Male) |
| 16:58 | Build | Market |
| 16:59 | Build | House |
| 17:12 | Queue | Villager (Male) |
| 17:15 | Build | Farm |
| 17:26 | Build | Farm |
| 17:49 | Queue | Villager (Male) |
| 18:02 | Build | Mining Camp |
| 18:26 | Queue | Villager (Male) |
| 18:35 | Build | Watch Tower |
| 18:46 | Build | House |
| 18:49 | Build | House |
| 19:08 | Queue | Villager (Male) |
| 19:57 | Build | Watch Tower |
| 20:03 | Build | Watch Tower |
| 20:07 | Queue | Villager (Male) |
| 20:09 | Queue | Villager (Male) |
| 20:15 | Research | Castle Age |
| 20:15 | Research | Castle Age |
| 20:41 | Build | Lumber Camp |
| 21:25 | Research | Gold Mining |
| 21:26 | Research | Stone Mining |
| 21:31 | Build | Mining Camp |
| 21:49 | Build | Watch Tower |
| 22:09 | Build | Outpost |
| 22:17 | Build | Palisade Gate |
| 22:35 | Build | Palisade Wall |
| 23:03 | Build | Watch Tower |
| 23:12 | Age | Castle Age |
| 23:17 | Build | Castle |
Build order — PuffyCarrot
90 actions detected in the replay
| 0:01 | Queue | Villager (Male) ×4 |
| 0:02 | Build | House |
| 0:04 | Build | House |
| 1:26 | Queue | Villager (Male) |
| 2:03 | Queue | Villager (Male) |
| 2:21 | Build | Lumber Camp |
| 2:25 | Queue | Villager (Male) |
| 2:55 | Queue | Villager (Male) |
| 2:57 | Queue | Villager (Male) |
| 3:19 | Queue | Villager (Male) |
| 3:29 | Build | House |
| 4:09 | Queue | Villager (Male) |
| 4:10 | Queue | Villager (Male) |
| 4:14 | Queue | Villager (Male) |
| 5:13 | Queue | Villager (Male) |
| 5:31 | Queue | Villager (Male) |
| 5:48 | Build | Mill |
| 5:55 | Research | Loom |
| 6:26 | Build | Mining Camp |
| 6:41 | Research | Feudal Age |
| 7:12 | Build | Mining Camp |
| 7:54 | Build | House |
| 8:24 | Queue | Villager (Male) |
| 8:51 | Age | Feudal Age |
| 9:23 | Build | Donjon |
| 9:28 | Build | House |
| 9:33 | Build | House |
| 9:56 | Queue | Villager (Male) |
| 9:58 | Research | Double-Bit Axe |
| 10:00 | Research | Horse Collar |
| 10:32 | Queue | Villager (Male) |
| 10:33 | Build | Blacksmith |
| 11:12 | Queue | Serjeant |
| 11:12 | Queue | Serjeant |
| 11:29 | Build | Donjon |
| 11:47 | Queue | Serjeant |
| 12:29 | Queue | Serjeant |
| 12:41 | Queue | Villager (Male) |
| 12:44 | Build | Blacksmith |
| 13:13 | Queue | Serjeant |
| 13:13 | Queue | Serjeant |
| 13:55 | Queue | Villager (Male) |
| 14:01 | Build | Market |
| 14:11 | Queue | Serjeant |
| 14:12 | Queue | Serjeant |
| 14:15 | Build | House |
| 14:29 | Build | Farm |
| 14:29 | Build | Farm |
| 14:29 | Build | Farm |
| 14:29 | Build | Farm |
| 14:30 | Build | Farm |
| 14:30 | Build | Farm |
| 14:30 | Build | Farm |
| 14:43 | Build | Farm |
| 15:05 | Build | Farm |
| 15:21 | Research | Scale Mail Armor |
| 15:31 | Build | Donjon |
| 16:04 | Queue | Serjeant |
| 16:04 | Queue | Serjeant |
| 16:09 | Build | Farm |
| 16:11 | Build | Farm |
| 16:53 | Queue | Serjeant |
| 16:53 | Queue | Serjeant |
| 17:06 | Build | House |
| 17:09 | Build | House |
| 17:52 | Queue | Villager (Male) |
| 17:56 | Queue | Villager (Male) |
| 17:58 | Build | Lumber Camp |
| 18:31 | Queue | Villager (Male) |
| 18:39 | Build | Donjon |
| 18:46 | Queue | Villager (Male) |
| 19:15 | Queue | Villager (Male) |
| 20:00 | Build | Mill |
| 20:00 | Build | Farm |
| 20:01 | Build | Farm |
| 20:01 | Build | Farm |
| 20:01 | Build | Farm |
| 20:01 | Build | Farm |
| 20:02 | Build | Farm |
| 20:24 | Queue | Villager (Male) |
| 20:47 | Queue | Villager (Male) |
| 21:02 | Build | Farm |
| 21:35 | Build | House |
| 21:37 | Build | House |
| 21:39 | Build | House |
| 21:44 | Research | Wheelbarrow |
| 22:41 | Queue | Villager (Male) |
| 22:44 | Build | Farm |
| 22:45 | Build | Farm |
| 22:45 | Build | Farm |
Match timeline
| 8:51 | ELEG PropiaNea · age_up feudal |
| 8:51 | PuffyCarrot · age_up feudal |
| 9:23 | PuffyCarrot · first_building Donjon |
| 19:12 | ELEG PropiaNea · first_market_sell 100 wood |
| 22:35 | ELEG PropiaNea · wall_segment Palisade Wall x2 |
| 22:43 | ELEG PropiaNea · first_market_buy 100 stone |
| 23:12 | ELEG PropiaNea · age_up castle |
| 23:17 | ELEG PropiaNea · first_building Castle |
| 23:20 | PuffyCarrot · resign |
[ AI ANALYSIS · 1 CREDIT ]
What really happened in this match?
Wolo.gg analyzes every decision: build order, eco, micro, common mistakes by bracket. Personalized analysis on WhatsApp or Discord in 30 seconds.
Civ guide
Byzantines
Perfil
ELEG PropiaNea